Map: [ESL] Hecate

Players

Serral - Winner!

  • Race: Zerg Zerg
  • Spawn Location: 7:00

Harstem

  • Race: Protoss Protoss
  • League: Grandmaster
  • Spawn Location: 1:00

Event: HomeStory Cup XXIV

VOD

Have the link to the VOD?

Description

Time

  • Played on: Dec. 1, 2023, 9:46 a.m.
  • Length: 8:27

All games in this series

Show
View Real Time Build Order
Export as new Build Order

Serral Zerg - Winner!

Build Orders: Hatch First 

Get SALT Encoding   

  12  0:00  Drone  
  13  0:12  Overlord  
  13  0:16  Drone  
  14  0:30  Drone x2  
  16  0:43  Drone  
  17  0:51  Hatchery  
  17  0:53  Drone  
  17  0:57  Drone  
  18  1:08  Extractor  
  17  1:13  Spawning Pool  
  17  1:15  Drone  
  17  1:18  Drone  
  18  1:28  Drone  
  19  1:38  Drone  
  20  1:49  Overlord  
  20  1:59  Queen  
  22  2:02  Queen  
  22  2:03  Zergling x4  
  22  2:07  Metabolic Boost  
  26  2:10  Drone  
  26  2:13  Drone  
  28  2:21  Drone  
  29  2:25  Drone  
  30  2:35  Hatchery  
  29  2:38  Drone  
  29  2:41  Zergling x2  
  31  2:45  Queen  
  31  2:49  Overlord  
  33  2:52  Drone  
  33  2:56  Drone  
  35  2:59  Drone  
  35  3:06  Overlord  
  35  3:07  Queen  
  35  3:11  Drone x2  
  39  3:13  Drone  
  39  3:16  Drone  
  39  3:18  Zergling x2  
  39  3:19  Zergling x2  
  43  3:28  Zergling x6  
  43  3:30  Queen  
  48  3:37  Overlord  
  49  3:41  Drone x3  
  49  3:47  Overlord  
  49  3:48  Queen  
  51  3:51  Drone  
  51  3:52  Drone  
  54  3:56  Drone x2  
  54  3:59  Drone  
  55  4:02  Spore Crawler  
  55  4:03  Zergling x4  
  56  4:14  Overlord  
  56  4:15  Drone x4  
  60  4:18  Drone  
  60  4:21  Drone x2  
  62  4:25  Roach Warren  
  62  4:27  Drone  
  62  4:31  Drone x2  
  64  4:37  Zergling x2  
  63  4:42  Drone x5  
  63  4:43  Spore Crawler  
  66  4:47  Zergling x2  
  66  4:49  Overlord  
  66  4:50  Drone x3  
  66  4:52  Lair  
  70  4:55  Drone  
  70  4:57  Drone, Extractor  
  71  5:02  Drone x2  
  73  5:07  Evolution Chamber  
  73  5:08  Extractor  
  73  5:09  Hatchery  
  73  5:11  Drone x4  
  73  5:12  Drone  
  75  5:15  Overlord  
  75  5:17  Drone x2  
  75  5:18  Drone x2  
  79  5:23  Drone x3  
  81  5:29  Drone x2  
  81  5:31  Spore Crawler  
  81  5:34  Drone x2  
  83  5:37  Drone x3  
  83  5:40  Zerg Missile Weapons Level 1  
  83  5:41  Extractor  
  85  5:43  Extractor, Overlord  
  85  5:47  Drone x3  
  85  5:48  Spore Crawler, Overlord x2  
  86  5:50  Glial Reconstitution  
  86  5:52  Overseer  
  86  5:56  Roach x2  
  89  6:01  Overlord  
  89  6:02  Roach x2  
  93  6:06  Zergling x6, Roach  
  98  6:14  Zergling x18  
  98  6:18  Pneumatized Carapace  
  107  6:21  Queen  
  107  6:24  Roach x3  
  115  6:26  Spore Crawler  
  115  6:28  Overlord  
  114  6:33  Roach x3  
  114  6:38  Zergling x2  
  120  6:41  Overlord  
  120  6:42  Overlord, Ravager x2  
  120  6:46  Zergling x6, Roach x4  
  132  6:49  Overlord  
  128  6:56  Roach x4  
  134  7:04  Zergling x2  
  134  7:05  Zergling x10, Queen  
  140  7:08  Overlord  
  140  7:09  Ravager  
  140  7:10  Zergling x2  
  140  7:12  Ravager  
  137  7:17  Roach x3  
  137  7:22  Roach x8  
  150  7:27  Ravager  
  150  7:28  Zergling x10  
  156  7:31  Ravager  
  153  7:38  Zergling x8  
  151  7:46  Roach  
  151  7:47  Roach x2  
  151  7:50  Roach  
  149  7:53  Zergling x10  
  147  8:03  Zergling x20  
  147  8:05  Zergling x4  
  154  8:11  Ravager  
Show
View Real Time Build Order
Export as new Build Order

Harstem Protoss 

Build Orders: 1 Gate Expand, Oracle Opening 

Get SALT Encoding   

  12  0:00  Probe  
  13  0:12  Probe  
  14  0:19  Pylon  
  14  0:24  Probe  
  15  0:37  Probe (Chrono Boost)  
  15  0:41  Gateway  
  16  0:47  Probe (Chrono Boost)  
  17  0:51  Probe (Chrono Boost)  
  17  0:53  Assimilator  
  18  1:03  Probe  
  19  1:15  Probe  
  20  1:26  Nexus  
  20  1:35  Cybernetics Core  
  20  1:39  Probe  
  21  1:45  Assimilator  
  21  1:51  Probe  
  21  1:53  Pylon  
  22  2:03  Probe  
  23  2:09  Adept (Chrono Boost)  
  23  2:15  Probe (Chrono Boost)  
  26  2:22  Stargate  
  26  2:26  Probe (Chrono Boost)  
  27  2:31  Adept, Probe (Chrono Boost)  
  27  2:36  Warp Gate  
  30  2:38  Probe  
  30  2:41  Probe  
  32  2:50  Probe  
  33  2:54  Probe  
  34  3:02  Probe, Adept  
  37  3:06  Oracle (Chrono Boost), Probe  
  41  3:13  Pylon  
  41  3:15  Probe  
  41  3:18  Probe  
  43  3:21  Gateway  
  44  3:27  Probe  
  44  3:30  Probe  
  44  3:33  Oracle (Chrono Boost)  
  45  3:39  Probe  
  49  3:42  Probe  
  49  3:51  Probe  
  49  3:54  Probe  
  49  4:03  Probe  
  49  4:06  Probe  
  51  4:15  Probe  
  51  4:18  Probe  
  51  4:23  Nexus  
  52  4:24  Pylon  
  52  4:27  Twilight Council, Probe  
  52  4:30  Probe  
  53  4:39  Probe  
  53  4:42  Probe  
  53  4:44  Gateway  
  53  4:45  Gateway, Adept x2  
  57  4:46  Pylon  
  57  4:48  Assimilator  
  57  4:49  Blink (Chrono Boost)  
  57  4:50  Assimilator  
  57  4:51  Probe  
  58  4:53  Forge  
  58  4:55  Probe  
  59  5:03  Probe  
  59  5:05  Stalker x2  
  65  5:07  Probe  
  65  5:12  Pylon  
  65  5:14  Shield Battery  
  65  5:16  Probe  
  65  5:19  Probe  
  67  5:24  Protoss Ground Weapons Level 1 (Chrono Boost)  
  67  5:28  Probe  
  68  5:31  Stalker, Probe  
  68  5:32  Stalker  
  69  5:36  Probe  
  69  5:40  Stalker, Probe  
  69  5:42  Stalker  
  75  5:43  Probe  
  75  5:48  Gateway  
  77  5:50  Gateway  
  77  5:52  Probe  
  77  5:55  Stalker x2  
  81  5:57  Probe  
  81  6:00  Probe  
  83  6:04  Stalker, Probe  
  83  6:06  Pylon  
  83  6:09  Probe  
  87  6:12  Adept  
  87  6:16  Probe  
  91  6:20  Stalker  
  91  6:21  Pylon  
  91  6:22  Probe  
  91  6:23  Pylon  
  93  6:29  Stalker x2  
  93  6:32  Stalker  
  99  6:33  Probe  
  99  6:36  Probe  
  99  6:39  Charge  
  102  6:40  Pylon  
  102  6:41  Gateway  
  102  6:43  Pylon  
  102  6:44  Stalker  
  103  6:48  Stalker x2  
  108  6:56  Stalker  
  108  6:57  Stalker x2  
  108  7:00  Pylon  
  113  7:09  Stalker  
  113  7:14  Zealot, Stalker  
  117  7:21  Stalker x2  
  117  7:22  Stalker  
  117  7:24  Probe  
  118  7:32  Zealot  
  118  7:35  Nexus  
  120  7:41  Stalker x3  
  126  7:45  Stalker x3  
  129  7:57  Stalker  
  127  8:05  Stalker x3  
  117  8:07  Probe  
  117  8:09  Probe  
  117  8:11  Zealot x3  
  119  8:22  Nexus, Stalker  
Tags
 
Add a new tag
Caveats
  • Supply blocks, unpowered buildings, or Contaminate may cause inaccurate times.
  • Supply counts are checked every 10 seconds.